 Dungeon Crawl Stone Soup version 0.22.1-2-g9c5b331383 (webtiles) character file.

24966 Jynx the Geomancer (level 13, 0/63 HPs)
             Began as a Gargoyle Earth Elementalist on Nov 16, 2018.
             Was an Elder of Ashenzari.
             Slain by a seven-headed hydra (9 damage)
             ... on level 1 of the Lair of Beasts.
             The game lasted 00:44:14 (18146 turns).

Jynx the Geomancer (Gargoyle Earth Elementalist)   Turns: 18146, Time: 00:44:14

Health: 0/63       AC: 15    Str: 16    XL:     13   Next: 16%
Magic:  34/35      EV: 22    Int: 19    God:    Ashenzari [****..]
Gold:   981        SH:  0    Dex: 13    Spells: 10/30 levels left

rFire    . . .     SeeInvis +   x - +1 short sword (venom) (curse)
rCold    + . .     Gourm    .   (no shield)
rNeg     + + .     Faith    .   I - +1 robe {rN+} (curse)
rPois    ∞         Spirit   .   (helmet restricted)
rElec    +         Reflect  .   h - scarf {cloud immunity}
rCorr    .         Harm     .   (no gloves)
MR       .....     Clarity  +   u - +2 pair of boots (curse)
Stlth    +++.......             k - amulet of magic regeneration
HPRegen  0.20/turn              p - ring of magical power
MPRegen  0.49/turn              n - ring of Cankege {rPois rC+ EV+5 Str+3 Stlth+} (curse)

@: no status effects
A: beak, hooves 1, clever 1, negative energy resistance 1, electricity
resistance, unbreathing, petrification resistance, rot immunity, MP-powered
wands, AC +9
a: Curse Item, Scrying, Renounce Religion


You were on level 1 of the Lair of Beasts.
You worshipped Ashenzari.
Ashenzari was greatly pleased with you.
You were very hungry.

You visited 2 branches of the dungeon, and saw 14 of its levels.
You also visited: Ossuary.

You collected 981 gold pieces.

Inventory:

Hand Weapons
 x - a cursed +1 short sword of venom (weapon)
Missiles
 b - 81 stones (quivered)
Armour
 h - a scarf of cloud immunity (worn)
 u - a cursed +2 pair of boots (worn)
 v - a +1 cloak
 I - a cursed +1 robe of positive energy (worn)
Jewellery
 e - an uncursed ring of protection from cold
 k - an amulet of magic regeneration (around neck)
 n - the cursed ring of Cankege (right hand) {rPois rC+ EV+5 Str+3 Stlth+}
   (You found it on level 9 of the Dungeon)

   [ring of evasion]

   It affects your evasion (+5).
   It affects your strength (+3).
   It protects you from cold.
   It protects you from poison.
   It makes you more stealthy.
   It has a curse placed upon it.
 p - a ring of magical power (left hand)
 F - an uncursed amulet of harm
Wands
 f - a wand of flame (22)
 g - a wand of polymorph (8)
 i - a wand of digging (38)
 t - a wand of clouds (4)
 G - a wand of iceblast (35)
 K - a wand of disintegration (12)
Scrolls
 j - a scroll of blinking
 m - 8 scrolls of teleportation
 q - a scroll of fog
 r - a scroll of fear
 s - a scroll of holy word
 y - 2 scrolls of enchant weapon
 B - a scroll of silence
 C - a scroll of enchant armour
 E - a scroll of remove curse
 J - a scroll of magic mapping
Potions
 a - 5 potions of haste
 l - 5 potions of heal wounds
 o - 12 potions of curing
 w - a potion of cancellation
 z - 3 potions of invisibility
 A - a potion of lignification
 D - 2 potions of flight
 H - a potion of might
Comestibles
 d - 27 rations


   Skills:
 - Level 8.6(12.0) Short Blades
 + Level 8.8 Dodging
 - Level 2.1 Stealth
 - Level 9.0 Spellcasting
 * Level 11.5 Conjurations
 - Level 0.7 Transmutations
 - Level 11.8 Earth Magic


You had 10 spell levels left.
You knew the following spells:

 Your Spells              Type           Power        Failure   Level  Hunger
a - Sandblast             Erth           ######       1%          1    None
b - Passwall              Tmut/Erth      ####....     1%          2    None
c - Stone Arrow           Conj/Erth      ######       1%          3    None
d - Lee's Rapid Deconstr  Erth           ######....   1%          5    #####..
e - Magic Dart            Conj           ####         1%          1    None
f - Iskenderun's Mystic   Conj           ######..     1%          4    ###....
g - Petrify               Tmut/Erth      ####....     6%          4    ###....

Your spell library contained the following spells:

 Spells                   Type           Power        Failure   Level  Hunger
 Searing Ray              Conj           ######       1%          2    None
 Dazzling Spray           Conj/Hex       ####..       2%          3    None
 Leda's Liquefaction      Hex/Erth       ####......   7%          4    ###....
 Force Lance              Conj/Tloc      ####....     8%          4    ###....
 Fulminant Prism          Conj/Hex       ####......   8%          4    ###....
 Animate Skeleton         Necr           N/A          9%          1    None
 Confusing Touch          Hex            #.....       9%          1    None
 Pain                     Necr           #...         9%          1    None
 Corpse Rot               Necr           N/A          12%         2    None
 Confuse                  Hex            #.......     24%         3    None
 Gell's Gravitas          Tloc           #.........   24%         3    None
 Regeneration             Chrm/Necr      #.........   24%         3    None
 Vampiric Draining        Necr           #.........   24%         3    None
 Animate Dead             Necr           N/A          63%         4    ###....
 Yara's Violent Unravell  Hex/Tmut       #.........   89%         5    #####..
 Metabolic Englaciation   Hex/Ice        #.........   92%         5    #####..
 Summon Forest            Summ/Tloc      #.........   92%         5    #####..
 Hydra Form               Tmut           ##........   100%        6    ######.
 Summon Hydra             Summ           #.........   100%        7    #######


Dungeon Overview and Level Annotations

Branches:
Dungeon (12/15)            Temple (0/1) D:4            Lair (2/6) D:10
  Swamp (0/4) Lair:2          Orc (0/2) D:11
  Snake: Lair:2-4    Spider: Lair:2-4

Altars:
Ashenzari
Elyvilon
Gozag
Hepliaklqana
Makhleb
Ru
Sif Muna
Yredelemnul
Zin
The Shining One

Shops:
D:4 *   D:5 *   D:8 :   D:9 *   D:11 *


Innate Abilities, Weirdness & Mutations

You are resistant to torment.
Your stone body is resilient. (AC +9)
You are immune to poison.
You resist negative energy. (rN+)
You are resistant to electric shocks. (rElec)
You can survive without breathing.
You are immune to petrification.
You are immune to rotting.
You have a beak for a mouth.
You have large cloven feet.
Your mind is acute. (Int +2)
You expend magic power (3 MP) to strengthen your wands.


Message History

The seven-headed hydra closely misses you.
The seven-headed hydra bites you but does no damage.
The seven-headed hydra closely misses you.
The seven-headed hydra bites you!
You begin to meditate on the wall.
You continue meditating on the rock.
The seven-headed hydra closely misses you.
The seven-headed hydra bites you.
The seven-headed hydra closely misses you.
The seven-headed hydra barely misses you. x2
The seven-headed hydra misses you.
The seven-headed hydra barely misses you.
You continue meditating on the rock.
You are feeling very hungry.
The seven-headed hydra bites you but does no damage.
The seven-headed hydra bites you.
* * * LOW HITPOINT WARNING * * *
The seven-headed hydra bites you.
* * * LOW HITPOINT WARNING * * *
The seven-headed hydra bites you!
You die...

÷....# #..# ##.....
.....### #.## ##...8..
.......# #.#
###....... .......##
#.# #........#
.....#..#
#.##########..8...#.#
.....#..#
#..#.#.8.##..........
#.####.##
#.###.....#..........
#.# #.#
#.###8.>..'.8.8.8..8.
..# #.#
#.##@D....#..........
#.# #.#
##.####.8.##...[......
#.## #.##
#.<....#.####..8....##
...###..# ##########
#........# .......##
######### ###.......
.####.##
#P.##.#.###.##...8..
......##
##...........##.....
.##...P#
#..##.######.###....
.####.## ##.##.#
##.#####..


You could see a seven-headed hydra.

Vanquished Creatures
  Nessos (D:12)
  2 hydras
  A two-headed ogre (D:8)
  Sonja (D:12)
  An ugly thing (D:11)
  A wolf spider zombie (D:12)
  A deep elf mage (D:10)
  A centaur skeleton (D:11)
  2 spiny frogs
  4 elephants
  2 black mambas (Lair:1)
  A gargoyle (D:11)
  2 komodo dragons (Lair:1)
  3 trolls
  A queen bee (Lair:1)
  Grinder (D:3)
  A hornet (D:11)
  Prince Ribbit (D:6)
  6 hippogriffs
  A spriggan (D:10)
  Eustachio (D:6)
  3 wyverns
  20 yaks
  2 wraiths (D:11)
  A human (D:10)
  Grum (D:9)
  A hungry ghost (D:12)
  2 basilisks (Lair:2)
  Menkaure (D:4)
  4 water moccasins (Lair:1)
  A swamp drake (Lair:2)
  2 black bears (D:8)
  2 sky beasts (D:7)
  2 phantoms
  4 ice beasts
  3 orc warriors
  3 ogres
  4 necrophages
  8 centaurs
  19 wolves
  6 crocodiles
  Blork the orc (D:6)
  6 bullfrogs
  2 big kobolds (D:9)
  A water moccasin zombie (D:10)
  A wyvern skeleton (D:8)
  4 scorpions
  10 wights
  The ghost of Zarkath the Ducker, a weakling DsGl (D:3)
  24 killer bees
  2 electric eels (D:10)
  A bullfrog zombie (D:7)
  9 crimson imps
  2 centaur zombies
  9 hounds
  2 jellies
  8 orc priests
  8 orc wizards
  Ijyb (D:4)
  7 iguanas
  Natasha (thrice) (D:4)
  4 worker ants
  2 hell rats
  8 mummies (Ossuary)
  2 worker ant zombies
  11 gnolls
  A howler monkey skeleton (D:9)
  9 adders
  A river rat (Lair:2)
  4 shadow imps
  2 adder skeletons
  An adder zombie (D:9)
  2 worms
  6 dart slugs
  3 leopard geckos
  26 orcs
  A ball python (D:2)
  8 bats
  9 giant cockroaches
  3 gnoll zombies (Ossuary)
  5 goblins
  6 hobgoblins
  12 jackals
  2 quokkas
  3 frilled lizards
  2 hobgoblin zombies (Ossuary)
  10 kobolds
  3 kobold zombies (Ossuary)
  A leopard gecko skeleton (D:4)
  A leopard gecko zombie (D:5)
  6 rats
  A plant (Lair:2)
381 creatures vanquished.

Vanquished Creatures (collateral kills)
  2 wolves (D:9)
2 creatures vanquished.

Vanquished Creatures (others)
  A wolf (Lair:2)
  5 fungi
  3 plants
9 creatures vanquished.

Grand Total: 392 creatures vanquished

Notes
Turn   | Place    | Note
-------+----------+-------------------------------------------
     0 | D:1      | Jynx the Gargoyle Earth Elementalist began the quest for
                  | the Orb.
     0 | D:1      | Reached XP level 1. HP: 10/10 MP: 3/3
     0 | D:1      | Noticed a tentacled monstrosity
     0 | D:1      | Noticed a large abomination
     1 | D:1      | Noticed an iron dragon
     5 | D:1      | Noticed an iron dragon
     6 | D:1      | Noticed an iron dragon
    10 | D:1      | Noticed an iron dragon
    12 | D:1      | Noticed an ice dragon
    12 | D:1      | Noticed a large abomination
    13 | D:1      | Noticed a large abomination
    14 | D:1      | Noticed a shadow dragon
    16 | D:1      | Noticed an iron dragon
    16 | D:1      | Noticed a shadow dragon
    18 | D:1      | Noticed a tentacled monstrosity
   141 | D:1      | Reached XP level 2. HP: 6/15 MP: 0/5
   880 | D:2      | Reached XP level 3. HP: 19/19 MP: 6/6
  1494 | D:2      | Found a deep blue altar of Sif Muna.
  1512 | D:2      | Reached XP level 4. HP: 15/24 MP: 4/7
  1570 | D:2      | Reached skill level 1 in Short Blades
  2127 | D:2      | Reached skill level 5 in Earth Magic
  2134 | D:2      | Learned a level 2 spell: Passwall
  2138 | D:2      | Learned a level 3 spell: Stone Arrow
  2333 | D:3      | Noticed Grinder
  2350 | D:2      | Reached XP level 5. HP: 8/28 MP: 0/9
  2778 | D:3      | Killed Grinder
  2778 | D:3      | Reached XP level 6. HP: 17/32 MP: 4/11
  2951 | D:3      | Found a runed door.
  2951 | D:3      | Noticed Zarkath's ghost (weakling DsGl)
  3069 | D:3      | Reached XP level 7. HP: 10/36 MP: 2/12
  3348 | D:3      | Killed Zarkath's ghost
  3410 | D:3      | Found a glowing golden altar of the Shining One.
  3439 | D:3      | Found a shattered altar of Ashenzari.
  3459 | D:3      | Became a worshipper of Ashenzari the Shackled
  3592 | D:3      | Found a basalt altar of Yredelemnul.
  3803 | D:4      | Learned a level 5 spell: Lee's Rapid Deconstruction
  3856 | D:4      | Noticed Natasha
  3864 | D:4      | Killed Natasha
  3986 | D:4      | Found a staircase to the Ecumenical Temple.
  4050 | D:4      | Noticed Ijyb
  4060 | D:4      | Killed Ijyb
  4137 | D:4      | Found a burning altar of Makhleb.
  4227 | D:4      | Noticed Menkaure
  4468 | D:4      | Noticed Natasha
  4473 | D:4      | Killed Natasha
  4588 | D:4      | Found Qiug's General Store.
  4661 | D:4      | Found a glowing silver altar of Zin.
  4751 | D:4      | Reached * piety under Ashenzari
  4807 | D:4      | Found a sacrificial altar of Ru.
  4935 | D:4      | Noticed Natasha
  4937 | D:4      | Killed Natasha
  5043 | D:4      | Killed Menkaure
  5043 | D:4      | Reached XP level 8. HP: 41/41 MP: 11/14
  5096 | D:5      | Entered Level 5 of the Dungeon
  5698 | D:5      | Found Zeri's General Store.
  6890 | D:6      | Noticed Eustachio
  6985 | D:6      | Killed Eustachio
  6985 | D:6      | Reached skill level 5 in Spellcasting
  6985 | D:6      | Reached XP level 9. HP: 45/45 MP: 16/16
  7085 | D:6      | Noticed Blork the orc
  7091 | D:6      | Killed Blork the orc
  7286 | D:6      | Noticed Prince Ribbit
  7293 | D:6      | Killed Prince Ribbit
  7293 | D:6      | Reached skill level 10 in Earth Magic
  7998 | D:7      | Reached skill level 5 in Short Blades
  7998 | D:7      | Reached skill level 5 in Dodging
  8759 | D:8      | Reached ** piety under Ashenzari
  8771 | D:8      | Found a white marble altar of Elyvilon.
  8785 | D:8      | Reached XP level 10. HP: 50/50 MP: 19/19
  8853 | D:8      | Noticed a two-headed ogre
  8860 | D:8      | Killed a two-headed ogre
  8899 | D:8      | Found Kunnelusm's Book Shop.
  9100 | D:8      | Found a sand-covered staircase.
  9237 | Ossuary  | Entered an ossuary
  9814 | D:8      | Learned a level 1 spell: Magic Dart
 10162 | D:8      | Gained mutation: Your magical capacity is low. (-10% MP)
                  | [potion of mutation]
 10162 | D:8      | Gained mutation: You have a pair of small antennae on your
                  | head. [potion of mutation]
 10163 | D:8      | Lost mutation: Your magical capacity is low. (-10% MP)
                  | [potion of mutation]
 10163 | D:8      | Lost mutation: You have a pair of small antennae on your
                  | head. [potion of mutation]
 10163 | D:8      | Gained mutation: You have a somewhat thin skeletal
                  | structure. (Dex +2, Stealth) [potion of mutation]
 10163 | D:8      | Gained mutation: You have sharp fingernails. [potion of
                  | mutation]
 10163 | D:8      | Gained mutation: You have large cloven feet. [potion of
                  | mutation]
 10164 | D:8      | Lost mutation: You have a somewhat thin skeletal structure.
                  | (Dex +2, Stealth) [potion of mutation]
 10164 | D:8      | Lost mutation: You have sharp fingernails. [potion of
                  | mutation]
 10164 | D:8      | Gained mutation: Your mind is acute. (Int +2) [potion of
                  | mutation]
 10164 | D:8      | Gained mutation: You expend magic power (3 MP) to
                  | strengthen your wands. [potion of mutation]
 10164 | D:8      | Gained mutation: You have a beak for a mouth. [potion of
                  | mutation]
 10305 | D:9      | Identified the ring of Cankege {rPois rC+ EV+5 Str+3
                  | Stlth+}
 10341 | D:9      | Found a hazy altar of Hepliaklqana.
 10435 | D:9      | Reached skill level 1 in Conjurations
 10535 | D:9      | Found an opulent altar of Gozag.
 10691 | D:9      | Found Gozag's Platinum Reserve.
 10845 | D:9      | Noticed Grum
 11457 | D:9      | Killed Grum
 11667 | D:10     | Entered Level 10 of the Dungeon
 11731 | D:10     | Reached XP level 11. HP: 30/54 MP: 21/21
 11866 | D:10     | Noticed a deep elf mage
 11876 | D:10     | Killed a deep elf mage
 12084 | D:10     | Found a staircase to the Lair.
 12086 | D:10     | Reached *** piety under Ashenzari
 12101 | D:10     | Reached skill level 5 in Conjurations
 12786 | D:11     | Noticed a purple ugly thing
 12796 | D:11     | Killed a purple ugly thing
 13071 | D:11     | Found a staircase to the Orcish Mines.
 13343 | D:11     | Found Kanaf's Assorted Antiques.
 13451 | D:11     | Found the +5 scythe "Finisher" {speed, Str+3}
 13794 | D:12     | Noticed Nessos
 13801 | D:12     | Killed Nessos
 13933 | D:12     | Noticed Sonja
 13938 | D:12     | Killed Sonja
 13938 | D:12     | Reached XP level 12. HP: 59/59 MP: 24/24
 14028 | D:12     | Noticed a seven-headed hydra
 14051 | D:12     | Killed a seven-headed hydra
 14949 | Lair:1   | Entered Level 1 of the Lair of Beasts
 15003 | Lair:1   | Noticed a seven-headed hydra
 15020 | Lair:1   | Killed a seven-headed hydra
 15948 | Lair:1   | Learned a level 4 spell: Iskenderun's Mystic Blast
 16000 | Lair:1   | Reached **** piety under Ashenzari
 16541 | Lair:2   | Found a staircase to the Swamp.
 16555 | Lair:2   | Reached skill level 10 in Conjurations
 17055 | Lair:2   | Noticed a seven-headed hydra
 17055 | Lair:2   | Noticed a seven-headed hydra
 17374 | Lair:1   | Reached XP level 13. HP: 59/63 MP: 26/26
 17384 | Lair:1   | Learned a level 4 spell: Petrify
 18146 | Lair:1   | Slain by a seven-headed hydra

Skill      XL: |  1  2  3  4  5  6  7  8  9 10 11 12 13 |
---------------+----------------------------------------+-----
Earth Magic    | 4 5 6 7 9 11 | 11.8
Dodging        | 2 3 4 5 6 7 8 |  8.8
Short Blades   | 1 2 3 4 5 6 7 8 |  8.6
Spellcasting   | 3 4 5 6 7 8 9 |  9.0
Conjurations   | 3 7 10 11 | 11.5
Stealth        | |  2.1
Transmutations | |  0.7

Action                   |  1- 3 |  4- 6 |  7- 9 | 10-12 | 13-15 || total
-------------------------+-------+-------+-------+-------+-------++-------
Melee: Dagger            |   180 |    47 |   232 |       |       ||   459
       Unarmed           |     8 |       |       |       |       ||     8
       Short sword       |       |       |    89 |   608 |   137 ||   834
       Peck              |       |       |       |    94 |    30 ||   124
 Cast: Sandblast         |    21 |    36 |   170 |   230 |    21 ||   478
       Magic Dart        |       |       |       |    35 |     4 ||    39
       Lee's Rapid Decon |       |       |       |    46 |     2 ||    48
       Iskenderun's Myst |       |       |       |     3 |       ||     3
       Stone Arrow       |       |       |       |     3 |       ||     3
       Petrify           |       |       |       |       |     4 ||     4
       Passwall          |       |       |       |       |     1 ||     1
Invok: Curse Item        |       |       |       |     3 |     1 ||     4
  Use: Scroll            |       |     3 |     8 |    15 |       ||    26
       Potion            |       |       |       |     3 |       ||     3
 Stab: Sleeping          |     3 |     5 |     3 |     8 |       ||    19
  Eat: Chunk             |     2 |     4 |    13 |    29 |     2 ||    50
       Ration            |       |       |     2 |     3 |       ||     5
Armor: Robe              |    75 |    13 |   130 |   201 |    32 ||   451
Dodge: Dodged            |   138 |    34 |   280 |   725 |   193 ||  1370
